 Dungeon Crawl Stone Soup version 0.21.1-1-g345015f (webtiles) character file.

252 Mirai the Chopper (level 6, -3/56 HPs)
             Began as a Hill Orc Fighter on Mar 12, 2018.
             Killed by nerve-wracking pain
             ... invoked by an orc priest
              (8 damage)
             ... on level 3 of the Dungeon.
             The game lasted 00:04:16 (1912 turns).

Mirai the Chopper (Hill Orc Fighter)                Turns: 1912, Time: 00:04:17

Health: -3/56      AC:  8    Str: 21    XL:     6   Next: 13%
Magic:  6/6        EV: 10    Int:  8    God:
Gold:   140        SH:  3    Dex: 10    Spells: 5/5 levels left

rFire    . . .     SeeInvis .   a - +0 war axe
rCold    . . .     Gourm    .   (no shield)
rNeg     . . .     Faith    .   b - +0 scale mail
rPois    .         Spirit   .   (no helmet)
rElec    .         Reflect  +   p - +0 cloak (curse)
rCorr    .         Harm     .   (no gloves)
MR       .....                  (no boots)
Stlth    ..........             e - +3 amulet of reflection
HPRegen  0.18/turn              (no ring)
MPRegen  0.10/turn              (no ring)

@: no status effects
A: no striking features
a: Convert to Beogh


You were on level 3 of the Dungeon.
You were not hungry.

You visited 1 branch of the dungeon, and saw 3 of its levels.

You collected 140 gold pieces.

Inventory:

Hand Weapons
 a - a +0 war axe (weapon)
Armour
 b - a +0 scale mail (worn)
 c - a +0 shield
 p - a cursed +0 cloak (worn)
Jewellery
 e - a +3 amulet of reflection (around neck)
Scrolls
 g - a scroll of immolation {unknown}
 h - 3 scrolls of teleportation {unknown}
 l - a scroll of enchant armour {unknown}
 m - 4 scrolls of identify {unknown}
 r - a scroll of blinking {unknown}
 s - a scroll of fog {unknown}
Potions
 i - 2 potions of degeneration {unknown}
 j - 4 potions of curing {unknown}
 k - 4 potions of agility {unknown}
 n - a potion of mutation {unknown}
 o - a potion of heal wounds {unknown}
 q - a potion of haste {unknown}
 t - a potion of cancellation {unknown}
Books
 d - a book of Changes

   Spells                             Type                      Level
   a - Beastly Appendage              Transmutation                1
   b - Sticks to Snakes               Transmutation                2
   c - Spider Form                    Transmutation/Poison         3
   d - Ice Form                       Ice/Transmutation            4
   e - Blade Hands                    Transmutation                5
Comestibles
 f - 2 rations


   Skills:
 * Level 5.3 Fighting
 + Level 5.5 Axes
 + Level 4.4 Armour
 + Level 1.2 Dodging
 - Level 3.2 Shields


You had 5 spell levels left.
You didn't know any spells.

Dungeon Overview and Level Annotations

Branches:
Dungeon (3/15)

Altars:
Makhleb


Message History

The orc's wounds heal themselves!
The orc closely misses you.
The leopard gecko bites you but does no damage.
You block the orc priest's attack.
You barely miss the orc priest.
The orc priest is heavily wounded.
You slash the orc priest!
You kill the orc priest!
You closely miss the orc. You barely miss the leopard gecko.
The leopard gecko closely misses you. The orc closely misses you.
The orc priest barely misses you.
You barely miss the orc priest.
The orc priest shouts, "Beogh is our master!
Accept the truth or die!"
The orc priest is heavily wounded.
The orc priest shouts, "Surrender to Beogh and we'll let you live!"
You hit the leopard gecko. You hit the orc.
The orc priest shouts, "Surrender to Beogh and we'll let you live!"
You block the leopard gecko's attack. The orc closely misses you.
The orc priest invokes the aid of Beogh against you.
Pain shoots through your body!
You die...

...... #.#
####... ....
#.# #...
#.####.# #...
#......# #...
#######.######
#...
#.<(....#######
#...
#.......†)....#
#.......)o....#
#######.@l....#
#..o.......
##......##.
#......#
#........
####.....#
.....# .....


You could see an orc priest, an orc and a leopard gecko.

Vanquished Creatures
  Crazy Yiuf (D:2)
  3 orc priests
  An orc wizard (D:2)
  3 adders (D:2)
  2 dart slugs (D:1)
  5 orcs
  7 bats
  2 giant cockroaches (D:2)
  6 goblins
  17 hobgoblins
  4 jackals (D:1)
  A ball python (D:2)
  4 frilled lizards
  9 kobolds
  6 rats
71 creatures vanquished.

Notes
Turn   | Place    | Note
-------+----------+-------------------------------------------
     0 | D:1      | Mirai the Hill Orc Fighter began the quest for the Orb.
     0 | D:1      | Reached XP level 1. HP: 19/19 MP: 1/1
    95 | D:1      | Reached XP level 2. HP: 17/27 MP: 2/2
   430 | D:1      | Reached XP level 3. HP: 34/34 MP: 3/3
  1007 | D:2      | Reached XP level 4. HP: 16/41 MP: 4/4
  1144 | D:2      | Reached XP level 5. HP: 34/47 MP: 5/5
  1206 | D:2      | Found a burning altar of Makhleb.
  1316 | D:2      | Found a runed door.
  1320 | D:2      | Noticed Crazy Yiuf
  1323 | D:2      | Killed Crazy Yiuf
  1323 | D:2      | Reached skill level 5 in Fighting
  1323 | D:2      | Reached skill level 1 in Dodging
  1366 | D:2      | Reached skill level 5 in Axes
  1908 | D:3      | Reached XP level 6. HP: 19/56 MP: 6/6
  1912 | D:3      | Killed from afar by an orc priest

Skill      XL: |  1  2  3  4  5 |
---------------+----------------+-----
Fighting       | 4 5 |  5.3
Axes           | 3 4 5 |  5.5
Armour         | 4 |  4.4
Dodging        | 1 |  1.2
Shields        | |  3.2

Action                   |  1- 3 |  4- 6 || total
-------------------------+-------+-------++-------
Melee: War axe           |   150 |    86 ||   236
  Use: Potion            |     1 |       ||     1
  Eat: Chunk             |     1 |     3 ||     4
Armor: Scale mail        |    91 |    30 ||   121
Dodge: Dodged            |    77 |    58 ||   135
Block: Other             |    21 |    17 ||    38
       Shield            |     2 |       ||     2
